AoeStats
← _LY_抖音肥龙

Arena

506693386Analyzed
4v4 RM · 17d ago on Sep 14, 2026· 41m 27s· 8 players
Game mode
Random Map
Map size
Large (8 player)
Population
200
Speed
Normal
Resources
Standard
Victory
Conquest
Starting age
Dark Age
Ending age
Imperial Age
RankedLock teamsTeams togetherTeam positionsShared explorationLock speedFull tech treeHidden civsTurbo modeCheats
Victory
Defeat
🇨🇳 Bengalis · China
1886
+9
🇭🇰 Chinese · Hong Kong SAR China
1802
+12
🇨🇳 Bohemians · China
1656
+18
🇨🇳 Teutons · China
1617
+20
🇧🇷 Dravidians · Brazil
1837
-20
🇧🇷 Cumans · Brazil
1711
-15
🇧🇷 Spanish · Brazil
1664
-13
🇲🇽 Khmer · Mexico
1623
-11
_LY_抖音肥龙
0:49 Loom
10:09 Feudal Age
11:02 Loom
14:04 Castle Age
12:13 Double-Bit Axe
12:50 Horse Collar
15:15 Bow Saw
23:18 Wheelbarrow
23:40 Gold Mining
25:01 Stone Mining
25:28 Hand Cart
26:19 Gold Shaft Mining
29:56 Imperial Age
28:19 Heavy Plow
29:48 Stone Shaft Mining
29:47 Ballistics
31:44 Chemistry
31:05 Conscription
31:46 Two-Man Saw
31:05 Fletching
31:24 Heavy Rocket Cart
32:26 Rocketry
33:14 Bombard Tower
33:07 Caravan
33:43 Bodkin Arrow
34:33 Bracer
34:41 Arrowslits
36:15 Murder Holes
36:31 Masonry
37:55 Coinage
37:49 Fortified Wall
38:46 Banking
38:48 Architecture
41:11 Capped Ram
CNZS_Bad Koala
11:41 Feudal Age
12:28 Double-Bit Axe
15:15 Castle Age
12:58 Horse Collar
15:28 Gold Mining
16:40 Bow Saw
18:50 Fletching
20:46 Bodkin Arrow
20:57 Loom
20:58 Town Watch
23:24 Wheelbarrow
27:19 Padded Archer Armor
28:24 Ballistics
31:43 Imperial Age
30:39 Leather Archer Armor
31:40 Hand Cart
31:50 Heavy Plow
32:40 Bracer
35:09 Chemistry
35:00 Conscription
35:03 Mahayana
35:47 Coinage
36:11 Paiks
35:27 Elite Ratha (Ranged)
36:55 Ring Archer Armor
36:36 Bloodlines
36:27 Husbandry
36:40 Husbandry
37:19 Forging
37:10 Scale Mail Armor
37:21 Masonry
36:52 Treadmill Crane
38:07 Banking
38:22 Gold Shaft Mining
37:50 Stone Mining
39:50 Caravan
40:01 Guilds
40:23 Architecture
39:59 Siege Engineers
41:19 Two-Man Saw
41:05 Fortified Wall
云层贩卖心动
10:53 Feudal Age
14:34 Castle Age
12:40 Double-Bit Axe
17:14 Bow Saw
17:54 Loom
18:28 Horse Collar
21:03 Heavy Plow
23:52 Wheelbarrow
24:19 Sanctity
25:00 Fervor
25:16 Fervor
28:32 Imperial Age
27:46 Scale Mail Armor
27:57 Forging
27:23 Pikeman
28:03 Squires
28:34 Hand Cart
29:28 Sanctity
29:35 Chain Mail Armor
29:56 Iron Casting
30:26 Chemistry
29:48 Ballistics
29:34 Siege Engineers
30:08 Conscription
29:31 Halberdier
31:32 Wagenburg Tactics
32:25 Plate Mail Armor
33:05 Houfnice
36:25 Padded Archer Armor
37:26 Blast Furnace
39:11 Two-Man Saw
40:03 Arrowslits
40:09 Guard Tower
40:43 Bombard Tower
aimbot
10:38 Feudal Age
14:14 Castle Age
12:23 Double-Bit Axe
15:16 Bow Saw
15:17 Horse Collar
21:13 Wheelbarrow
20:56 Heavy Plow
21:11 Loom
23:41 Hand Cart
27:50 Imperial Age
26:07 Scale Barding Armor
26:13 Forging
27:44 Chain Barding Armor
27:34 Forging
27:53 Cavalier
29:10 Plate Barding Armor
29:10 Iron Casting
28:47 Bloodlines
28:42 Gold Mining
30:13 Two-Man Saw
30:41 Chemistry
31:09 Conscription
30:29 Paladin
31:29 Padded Archer Armor
33:19 Capped Ram
34:06 Squires
33:52 Arson
36:41 Blast Furnace
36:14 Coinage
35:21 Pikeman
36:59 Caravan
37:04 Gambesons
37:21 Scale Mail Armor
37:37 Leather Archer Armor
37:12 Fletching
37:17 Halberdier
40:30 Chain Mail Armor
GAX | ERV
11:27 Feudal Age
14:08 Castle Age
12:17 Double-Bit Axe
12:51 Horse Collar
15:16 Bow Saw
21:21 Gold Mining
23:22 Gold Shaft Mining
27:01 Imperial Age
25:40 Wheelbarrow
25:13 Scale Barding Armor
25:48 Bloodlines
25:39 Husbandry
25:57 Forging
26:57 Chain Barding Armor
26:50 Loom
30:42 Hand Cart
31:57 Plate Barding Armor
32:41 Tusk Swords
33:02 Conscription
33:18 Iron Casting
36:07 Blast Furnace
35:24 Elite Battle Elephant
39:22 Coinage
40:29 Scale Mail Armor
40:14 Pikeman
40:43 Halberdier
GAX | Tyrav
8:37 Loom
10:45 Feudal Age
14:50 Castle Age
13:50 Double-Bit Axe
13:47 Horse Collar
26:53 Imperial Age
24:46 Gold Mining
27:56 Padded Archer Armor
28:14 Masonry
30:15 Leather Archer Armor
31:26 Ring Archer Armor
33:00 Fortified Wall
33:03 Fletching
33:47 Pikeman
coxinha_iodo
6:18 Loom
8:29 Feudal Age
9:44 Double-Bit Axe
17:59 Horse Collar
24:46 Castle Age
24:27 Wheelbarrow
26:54 Bow Saw
28:15 Gold Mining
29:37 Hand Cart
30:12 Gold Shaft Mining
32:43 Imperial Age
30:02 Town Watch
31:39 Scale Barding Armor
32:06 Forging
32:36 Bloodlines
33:41 Chain Barding Armor
32:56 Cavalier
34:57 Plate Barding Armor
35:58 Paladin
37:28 Capped Ram
39:23 Siege Ram
41:02 Iron Casting
Fs.TARTARUGA VELOZ
5:08 Loom
12:00 Feudal Age
15:57 Castle Age
13:41 Horse Collar
14:30 Double-Bit Axe
16:54 Bow Saw
16:44 Heavy Plow
20:46 Wheelbarrow
20:43 Gold Mining
22:51 Hand Cart
28:40 Imperial Age
26:10 Fletching
26:50 Bodkin Arrow
27:29 Ballistics
27:31 Thumb Ring
27:48 Padded Archer Armor
28:49 Town Watch
29:31 Medical Corps
29:07 Elite Elephant Archer
30:18 Bracer
31:43 Chemistry
31:45 Leather Archer Armor
33:04 Hoardings
33:14 Conscription
35:19 Ring Archer Armor
39:09 Scale Mail Armor
40:52 Chain Mail Armor
40:47 Forging
Connection lost

Rejoining the realm…

Still unreachable

The connection could not be restored.

Session expired

The server has moved on; the page needs a fresh start.